 Dungeon Crawl Stone Soup version 0.28.0-47-ge53b351184 (webtiles) character file.

Game seed: 5290260794989451804

107 pkoi the Insei (level 4, 0/37 HPs)
             Began as a Demigod Gladiator on May 2, 2022.
             Slain by a kobold brigand
             ... wielding a +3 short sword
              (4 damage)
             ... in a sewer.
             The game lasted 00:04:19 (3778 turns).

pkoi the Insei (Demigod Gladiator)                  Turns: 3778, Time: 00:04:20

Health: 0/37       AC:  9    Str: 15    XL:     4   Next: 31%
Magic:  6/6        EV: 12    Int: 14    God:
Gold:   88         SH:  0    Dex: 15    Spells: 3/3 levels left

rFire   . . .      SeeInvis .     - Unarmed
rCold   . . .      Faith    .   (no shield)
rNeg    . . .      Spirit   .   a - +0 leather armour
rPois   .          Reflect  .   b - +0 helmet
rElec   .          Harm     .   g - +0 cloak
rCorr   .          Rampage  .   (no gloves)
Will    .....                   (no boots)
Stlth   +.........              (no amulet)
HPRegen 0.12/turn               i - ring of wizardry
MPRegen 0.10/turn               e - +4 ring of protection

@: unable to read
A: high MP 1, forlorn, divine attributes, inability to read while threatened,
MP-powered wands
a: no special abilities


You were in a sewer.
You visited 1 branch of the dungeon, and saw 3 of its levels.
You also visited: Sewer.

You collected 88 gold pieces.

Inventory:

Hand Weapons
 d - a +1 dagger
 k - a +0 dagger
Missiles
 c - 2 throwing nets (quivered)
 j - 6 poisoned darts
Armour
 a - a +0 leather armour (worn)
 b - a +0 helmet (worn)
 g - a +0 cloak (worn)
Jewellery
 e - a +4 ring of protection (right hand)
 i - a ring of wizardry (left hand)
Scrolls
 f - 3 scrolls of enchant weapon
Potions
 h - 2 potions of mutation


   Skills:
 + Level 2.3 Fighting
 - Level 1.7 Throwing
 + Level 1.2 Armour
 - Level 3.0 Dodging
 * Level 4.1 Unarmed Combat


You had 3 spell levels left.
You didn't know any spells.
Your spell library was empty.

Dungeon Overview and Level Annotations

Branches:
Dungeon (3/15)              Sewer (1/1)


Innate Abilities, Weirdness & Mutations

You have an increased reservoir of magic. (+10% MP)
You shall have no god before yourself.
Your divine heritage dramatically boosts your attributes as you level up.
You sometimes lose the ability to read scrolls when taking damage.
You expend magic power (3 MP) to strengthen your wands.


Message History

You completely miss the kobold brigand.
The kobold brigand is heavily wounded.
The kobold barely misses you. x2
The kobold brigand hits you with a +3 short sword.
* * * LOW HITPOINT WARNING * * *
Unknown command.
You hit the kobold brigand but do no damage.
The kobold brigand is heavily wounded.
The kobold barely misses you.
The kobold brigand hits you with a +3 short sword.
* * * LOW HITPOINT WARNING * * *
The kobold misses you.
You barely miss the kobold brigand.
The kobold brigand is heavily wounded.
The kobold hits you but does no damage. The kobold brigand barely misses you.
The kobold barely misses you.
Unknown command.
You closely miss the kobold brigand.
The kobold brigand is heavily wounded.
The kobold hits you but does no damage.
The kobold brigand hits you but does no damage.
The kobold hits you but does no damage.
Unknown command.
You aren't carrying any items that you can evoke.
Throw: 3 throwing nets
Press: ? - help, Q - select action, (/) - cycle Shift-Dir - straight line, f - kobold brigand
Aim: a kobold brigand, wielding a +3 short sword and quivering curare-tipped darts (heavily wounded, 51% to hit)
You throw a throwing net.
The throwing net barely misses the kobold brigand.
The kobold hits you with a +0 short sword.
* * * LOW HITPOINT WARNING * * *
The kobold brigand hits you with a +3 short sword.
* * * LOW HITPOINT WARNING * * *
The kobold misses you.
You closely miss the kobold brigand.
The kobold brigand is heavily wounded.
The kobold hits you with a +0 short sword.
* * * LOW HITPOINT WARNING * * *
The kobold brigand hits you with a +3 short sword.
You die...

#≈≈≈#.∩∩#
#≈≈≈'...#
#≈≈≈######
#≈≈≈#....#
#≈≈≈#!∩!.#
#≈≈≈#!...#
#≈≈≈#....#
#≈≈≈##KK##
#≈≈≈#.@K(#
#≈≈≈#P...###
#≈≈≈≈≈≈...P#
#≈≈≈≈≈P...##
#≈≈≈#P≈...#
#≈≈≈#≈≈....#
#≈≈≈#......#
≈≈≈≈≈#..P...#
≈≈≈≈≈≈#......#


You could see a kobold brigand and 2 kobolds.

Vanquished Creatures
  2 adders (D:2)
  2 dart slugs
  9 endoplasms
  5 giant cockroaches
  10 goblins
  5 hobgoblins
  4 jackals (D:1)
  6 quokkas
  9 ball pythons
  5 bats
  7 frilled lizards
  4 kobolds
  10 rats
78 creatures vanquished.

Vanquished Creatures (others)
  4 toadstools (D:1)
4 creatures vanquished.

Grand Total: 82 creatures vanquished

Notes
Turn   | Place    | Note
-------+----------+-------------------------------------------
     0 | D:1      | pkoi the Demigod Gladiator began the quest for the Orb.
     0 | D:1      | Reached XP level 1. HP: 17/17 MP: 3/3
   292 | D:1      | Reached skill level 3 in Unarmed Combat
   454 | D:1      | Reached XP level 2. HP: 7/24 MP: 4/4
  1506 | D:2      | Reached XP level 3. HP: 29/29 MP: 5/5
  1809 | D:2      | Gained mutation: You expend magic power (3 MP) to
                  | strengthen your wands. [potion of mutation]
  1809 | D:2      | Gained mutation: You sometimes lose the ability to read
                  | scrolls when taking damage. [potion of mutation]
  2532 | D:2      | Reached skill level 1 in Armour
  3127 | D:2      | Reached XP level 4. HP: 36/36 MP: 6/6
  3440 | D:3      | Reached skill level 4 in Unarmed Combat
  3611 | D:3      | Found a glowing drain.
  3684 | Sewer    | Entered a sewer
  3761 | Sewer    | Noticed a kobold brigand
  3778 | Sewer    | Slain by a kobold brigand

Illustrated notes

Levels and vault maps discovered:
D:1:      ldierk_walled_garden_2, layout_rooms
D:2:      layout_loops_corners, shapermc_ecumenical_altar_mp_highgroup,
          basic_altar, chequers_serial_rivers_large_a, minmay_fractal_squares_5
D:3:      layout_rooms, portal_sewer_entry_f
Sewer:    kennysheep_pipe_town

Skill      XL: |  1  2  3  4 |
---------------+-------------+-----
Unarmed Combat | 3 4 |  4.1
Fighting       | 2 |  2.3
Dodging        | 3 |  3.0
Armour         | 1 |  1.2
Throwing       | |  1.7

Action                   |  1- 3 |  4- 6 || total
-------------------------+-------+-------++-------
Melee: Unarmed           |   216 |    95 ||   311
       Punch             |     6 |     5 ||    11
Throw: Throwing net      |       |     1 ||     1
  Use: Scroll            |     5 |       ||     5
       Potion            |     3 |     1 ||     4
 Stab: Sleeping          |     3 |       ||     3
Armor: Leather armour    |    63 |    38 ||   101
Dodge: Dodged            |   123 |    77 ||   200
